 Dungeon Crawl Stone Soup version 0.22.0-38-g04b72b8 (webtiles) character file.

10873 corax the Covert (level 11, -2/86 HPs)
             Began as a Gnoll Assassin on Aug 31, 2018.
             Was an Initiate of Gozag.
             Succumbed to a queen ant's poison
             ... on level 9 of the Dungeon.
             The game lasted 00:32:49 (9447 turns).

corax the Covert (Gnoll Assassin)                   Turns: 9447, Time: 00:32:50

Health: -2/86      AC: 12    Str: 13    XL:     11   Next: 68%
Magic:  20/20      EV: 18    Int: 15    God:    Gozag
Gold:   2028       SH:  0    Dex: 23    Spells: 22/22 levels left

rFire    . . .     SeeInvis +   a - +3 scimitar (flame)
rCold    . . .     Gourm    .   (no shield)
rNeg     . . .     Faith    .   v - +1 steam dragon scales
rPois    .         Spirit   .   s - +1 helmet
rElec    .         Reflect  .   d - +0 cloak
rCorr    .         Harm     .   (no gloves)
MR       .....                  m - +0 pair of boots
Stlth    +++++.....             (no amulet)
HPRegen  0.24/turn              o - +4 ring of dexterity
MPRegen  0.17/turn              L - ring of see invisible

@: lethally poisoned (-2 -> -112)
A: distributed training, fangs 1, strong nose
a: Potion Petition, Call Merchant, Bribe Branch, Renounce Religion


You were on level 9 of the Dungeon.
You worshipped Gozag.
Gozag was most pleased with you.
You were not hungry.

You visited 2 branches of the dungeon, and saw 11 of its levels.

You collected 2113 gold pieces.
You paid 85 gold pieces to Gozag.

Inventory:

Hand Weapons
 a - a +3 scimitar of flaming (weapon)
 b - a +0 blowgun
 i - a +3 short sword of electrocution
Missiles
 e - 8 poisoned needles
 f - 2 curare-tipped needles
Armour
 d - a +0 cloak (worn)
 m - a +0 pair of boots (worn)
 s - a +1 helmet (worn)
 v - +1 steam dragon scales (worn)
 D - the +5 ring mail of Memusar {Int+2}
   (You found it on level 5 of the Dungeon)

   It affects your intelligence (+2).
Jewellery
 o - a +4 ring of dexterity (left hand)
 r - an uncursed ring of ice
 L - a ring of see invisible (right hand)
Wands
 c - a wand of flame (29)
 u - a wand of digging (19)
 G - a wand of iceblast (9)
 H - a wand of acid (7)
 I - a wand of random effects (20)
Scrolls
 j - 8 scrolls of identify
 k - 4 scrolls of remove curse
 l - a scroll of vulnerability {unknown}
 z - 2 scrolls of amnesia
 B - 3 scrolls of fear
 F - a scroll of blinking
Potions
 n - a potion of mutation
 p - 2 potions of berserk rage {unknown}
 q - 2 potions of degeneration {unknown}
 t - 2 potions of might {unknown}
 w - 3 potions of agility {unknown}
 A - a potion of flight {unknown}
 C - 2 potions of haste {unknown}
 E - a potion of ambrosia {unknown}
 J - a potion of magic {unknown}
Comestibles
 g - 7 rations


   Skills:
 + Level 8.0 Fighting
 + Level 8.0 Short Blades
 + Level 6.4 Long Blades
 + Level 6.4 Axes
 + Level 6.4 Maces & Flails
 + Level 6.4 Polearms
 + Level 6.4 Staves
 + Level 6.4 Slings
 + Level 6.4 Bows
 + Level 6.4 Crossbows
 + Level 8.0 Throwing
 + Level 6.4 Armour
 + Level 7.0 Dodging
 + Level 10.1 Stealth
 + Level 6.4 Shields
 + Level 6.4 Unarmed Combat
 + Level 6.4 Spellcasting
 + Level 5.3 Conjurations
 + Level 5.3 Hexes
 + Level 5.3 Charms
 + Level 5.3 Summonings
 + Level 5.3 Necromancy
 + Level 5.3 Translocations
 + Level 5.3 Transmutations
 + Level 5.3 Fire Magic
 + Level 5.3 Ice Magic
 + Level 5.3 Air Magic
 + Level 5.3 Earth Magic
 + Level 5.3 Poison Magic
 + Level 7.0 Invocations
 + Level 6.4 Evocations


You had 22 spell levels left.
You didn't know any spells.
Your spell library contained the following spells:

 Spells                   Type           Power        Failure   Level  Hunger
 Summon Small Mammal      Summ           ###.         1%          1    None
 Call Imp                 Summ           ###.....     2%          2    #......
 Call Canine Familiar     Summ           ###.....     4%          3    ##.....
 Summon Guardian Golem    Hex/Summ       ###.....     4%          3    ##.....
 Summon Ice Beast         Ice/Summ       ###.....     16%         4    ####...
 Summon Lightning Spire   Summ/Air       ###.....     16%         4    ####...


Dungeon Overview and Level Annotations

Branches:
Dungeon (10/15)            Temple (1/1) D:4            Lair (0/6) D:9
    Orc: D:9-12

Altars:
Ashenzari
Cheibriados
Dithmenos
Elyvilon
Fedhas
Gozag
Hepliaklqana
Kikubaaqudgha
Makhleb
Nemelex Xobeh
Okawaru
Qazlal
Ru
Sif Muna
Trog
Uskayaw
Vehumet
Wu Jian
Xom
Yredelemnul
Zin
The Shining One


Innate Abilities, Weirdness & Mutations

Your experience applies equally to all skills.
You have very sharp teeth.
Your uncanny sense of smell can sniff out nearby items.


Message History

The queen ant misses you.
The soldier ant waves its antennae.
You hit the queen ant but do no damage.
You bite the queen ant, but do no damage.
The queen ant is lightly wounded.
The queen ant stings you!
You are lethally poisoned!
The queen ant poisons you!
You hit the queen ant. You burn the queen ant.
The queen ant is moderately wounded.
You feel very sick. The queen ant stings you!
* * * LOW HITPOINT WARNING * * *
You are more poisoned.
The queen ant poisons you!
* * * LOW HITPOINT WARNING * * *
You feel extremely sick.
There is an open door here.
You die...
Your body crumbles into a pile of gold.

########### ########
..........#### #......#
..........'..###......#
..........##aaa'@.....#
..........######......#
..........# #).....#
..........# #......#
#######'### ###'####
#.(. #.# ###.# #.## ..#
#..# .# ##.##


You could see a queen ant, a soldier ant and a worker ant.

Vanquished Creatures
  Erolcha (D:9)
  Harold (D:8)
  A two-headed ogre (D:8)
  Pikel (D:5)
  Joseph (D:7)
  An efreet (D:10)
  Grinder (D:5)
  A hippogriff (D:9)
  Sigmund (D:5)
  3 yaks (D:10)
  A hungry ghost (D:10)
  An acid dragon (D:10)
  Edmund (D:6)
  11 soldier ants (D:9)
  A warg (D:9)
  A water moccasin (D:6)
  A slave (D:6)
  5 ice beasts
  2 sky beasts
  2 orc warriors (D:9)
  2 black bears
  The ghost of harcile the Chopper, an amateur HOBe of Trog (D:3)
  4 centaurs
  Blork the orc (D:5)
  4 bullfrogs
  2 big kobolds
  2 scorpions (D:6)
  24 killer bees
  12 wights
  5 howler monkeys
  3 crimson imps
  A jelly (D:7)
  6 orc priests
  2 hounds
  3 centaur skeletons
  Jessica (D:2)
  3 iguanas
  10 orc wizards
  14 worker ants
  A hound skeleton (D:10)
  A worker ant zombie (D:9)
  Robin (D:2)
  4 gnolls (D:4)
  7 adders
  A howler monkey skeleton (D:8)
  3 shadow imps
  3 oozes
  3 worms
  25 orcs
  10 bats
  5 giant cockroaches
  12 goblins
  13 hobgoblins
  9 jackals
  13 kobolds
  6 quokkas
  2 ball pythons
  4 frilled lizards
  A goblin skeleton (D:4)
  3 goblin zombies (D:4)
  2 hobgoblin zombies (D:4)
  A kobold zombie (D:4)
  An orc skeleton (D:4)
  An orc zombie (D:4)
  A quokka skeleton (D:4)
  8 rats
279 creatures vanquished.

Vanquished Creatures (others)
  Duvessa (D:5)
  2 slaves (D:5)
  Dowan (D:5)
4 creatures vanquished.

Grand Total: 283 creatures vanquished

Notes
Turn   | Place    | Note
-------+----------+-------------------------------------------
     0 | D:1      | corax the Gnoll Assassin began the quest for the Orb.
     0 | D:1      | Reached XP level 1. HP: 20/20 MP: 1/1
   366 | D:1      | Reached XP level 2. HP: 25/26 MP: 2/2
  1048 | D:2      | Reached XP level 3. HP: 31/31 MP: 3/3
  1096 | D:2      | Noticed Jessica
  1106 | D:2      | Reached skill level 1 in Invocations
  1121 | D:2      | Killed Jessica
  1121 | D:2      | Reached skill level 1 in Long Blades
  1121 | D:2      | Reached skill level 1 in Axes
  1121 | D:2      | Reached skill level 1 in Maces & Flails
  1121 | D:2      | Reached skill level 1 in Polearms
  1121 | D:2      | Reached skill level 1 in Staves
  1121 | D:2      | Reached skill level 1 in Slings
  1121 | D:2      | Reached skill level 1 in Bows
  1121 | D:2      | Reached skill level 1 in Crossbows
  1121 | D:2      | Reached skill level 1 in Armour
  1121 | D:2      | Reached skill level 1 in Shields
  1121 | D:2      | Reached skill level 1 in Unarmed Combat
  1121 | D:2      | Reached skill level 1 in Spellcasting
  1121 | D:2      | Reached skill level 1 in Evocations
  1121 | D:2      | Reached XP level 4. HP: 34/38 MP: 5/5
  1334 | D:2      | Noticed Robin
  1390 | D:2      | Killed Robin
  1390 | D:2      | Reached skill level 1 in Conjurations
  1390 | D:2      | Reached skill level 1 in Hexes
  1390 | D:2      | Reached skill level 1 in Charms
  1390 | D:2      | Reached skill level 1 in Summonings
  1390 | D:2      | Reached skill level 1 in Necromancy
  1390 | D:2      | Reached skill level 1 in Translocations
  1390 | D:2      | Reached skill level 1 in Transmutations
  1390 | D:2      | Reached skill level 1 in Fire Magic
  1390 | D:2      | Reached skill level 1 in Ice Magic
  1390 | D:2      | Reached skill level 1 in Air Magic
  1390 | D:2      | Reached skill level 1 in Earth Magic
  1390 | D:2      | Reached skill level 1 in Poison Magic
  1406 | D:2      | HP: 1/38 [hobgoblin/club[Robin] (3)]
  1492 | D:2      | Reached XP level 5. HP: 13/43 MP: 6/6
  1812 | D:3      | Found a shattered altar of Ashenzari.
  1848 | D:3      | Found a transporter.
  1852 | D:3      | Found a transporter.
  1852 | D:3      | Noticed harcile's ghost (amateur HOBe)
  2143 | D:3      | Reached skill level 8 in Stealth
  2507 | D:4      | Found a glowing golden altar of the Shining One.
  2516 | D:4      | Reached XP level 6. HP: 50/50 MP: 8/8
  2611 | D:4      | Found a staircase to the Ecumenical Temple.
  2623 | Temple   | Entered the Ecumenical Temple
  2777 | Temple   | Became a worshipper of Gozag Ym Sagoz the Greedy
  2867 | D:4      | Found a sparkling altar of Nemelex Xobeh.
  2870 | D:4      | Found a sacrificial altar of Ru.
  2871 | D:4      | Found a burning altar of Makhleb.
  2871 | D:4      | Found a white marble altar of Elyvilon.
  2871 | D:4      | Found an ancient bone altar of Kikubaaqudgha.
  2872 | D:4      | Reached skill level 5 in Fighting
  2872 | D:4      | Reached skill level 5 in Short Blades
  2872 | D:4      | Reached skill level 5 in Throwing
  3050 | D:4      | Reached XP level 7. HP: 49/56 MP: 10/10
  3380 | D:5      | Entered Level 5 of the Dungeon
  3426 | D:5      | Got a spiked ring mail
  3430 | D:5      | Noticed Pikel
  3438 | D:5      | Noticed Blork the orc
  3441 | D:5      | Noticed Sigmund
  3828 | D:6      | Reached XP level 8. HP: 43/63 MP: 10/12
  4287 | D:5      | Killed Pikel
  4304 | D:5      | Noticed Duvessa
  4304 | D:5      | Noticed Dowan
  4359 | D:5      | Killed Duvessa
  4362 | D:5      | Noticed Grinder
  4369 | D:5      | Killed Grinder
  4369 | D:5      | Reached XP level 9. HP: 56/69 MP: 14/14
  4370 | D:5      | Killed Dowan
  4447 | D:5      | Killed Sigmund
  4532 | D:5      | Killed Blork the orc
  4790 | D:3      | Identified the +5 ring mail of Memusar {Int+2} (You found it on level 5 of the Dungeon)
  4856 | D:3      | Killed harcile's ghost
  4962 | D:6      | Reached skill level 5 in Dodging
  5164 | D:6      | Noticed Edmund
  5172 | D:6      | Reached skill level 9 in Stealth
  5178 | D:6      | Killed Edmund
  5787 | D:7      | Noticed Joseph
  5801 | D:7      | Killed Joseph
  5801 | D:7      | Reached skill level 5 in Invocations
  6040 | D:7      | Reached XP level 10. HP: 74/77 MP: 17/17
  6653 | D:8      | Noticed a two-headed ogre
  6673 | D:8      | Killed a two-headed ogre
  6673 | D:8      | Reached skill level 5 in Long Blades
  6673 | D:8      | Reached skill level 5 in Axes
  6673 | D:8      | Reached skill level 5 in Maces & Flails
  6673 | D:8      | Reached skill level 5 in Polearms
  6673 | D:8      | Reached skill level 5 in Staves
  6673 | D:8      | Reached skill level 5 in Slings
  6673 | D:8      | Reached skill level 5 in Bows
  6673 | D:8      | Reached skill level 5 in Crossbows
  6673 | D:8      | Reached skill level 5 in Armour
  6673 | D:8      | Reached skill level 5 in Shields
  6673 | D:8      | Reached skill level 5 in Unarmed Combat
  6673 | D:8      | Reached skill level 5 in Spellcasting
  6673 | D:8      | Reached skill level 5 in Evocations
  7611 | D:8      | Noticed Harold
  7628 | D:8      | Killed Harold
  7686 | D:9      | Noticed Erolcha
  7709 | D:9      | Killed Erolcha
  7709 | D:9      | Reached XP level 11. HP: 34/84 MP: 19/19
  7996 | D:10     | Entered Level 10 of the Dungeon
  8239 | D:9      | Reached skill level 5 in Conjurations
  8239 | D:9      | Reached skill level 5 in Hexes
  8239 | D:9      | Reached skill level 5 in Charms
  8239 | D:9      | Reached skill level 5 in Summonings
  8239 | D:9      | Reached skill level 5 in Necromancy
  8239 | D:9      | Reached skill level 5 in Translocations
  8239 | D:9      | Reached skill level 5 in Transmutations
  8239 | D:9      | Reached skill level 5 in Fire Magic
  8239 | D:9      | Reached skill level 5 in Ice Magic
  8239 | D:9      | Reached skill level 5 in Air Magic
  8239 | D:9      | Reached skill level 5 in Earth Magic
  8239 | D:9      | Reached skill level 5 in Poison Magic
  8971 | D:10     | Reached skill level 10 in Stealth
  9156 | D:9      | Found a staircase to the Lair.
  9398 | D:9      | Noticed a queen ant
  9447 | D:9      | Succumbed to a queen ant's poison

Skill      XL: |  1  2  3  4  5  6  7  8  9 10 11 |
---------------+----------------------------------+-----
Invocations    | 1 2 3 4 5 6 7 |  7.0
Long Blades    | 1 2 3 4 5 6 |  6.4
Axes           | 1 2 3 4 5 6 |  6.4
Maces & Flails | 1 2 3 4 5 6 |  6.4
Polearms       | 1 2 3 4 5 6 |  6.4
Staves         | 1 2 3 4 5 6 |  6.4
Slings         | 1 2 3 4 5 6 |  6.4
Bows           | 1 2 3 4 5 6 |  6.4
Crossbows      | 1 2 3 4 5 6 |  6.4
Armour         | 1 2 3 4 5 6 |  6.4
Shields        | 1 2 3 4 5 6 |  6.4
Unarmed Combat | 1 2 3 4 5 6 |  6.4
Spellcasting   | 1 2 3 4 5 6 |  6.4
Evocations     | 1 2 3 4 5 6 |  6.4
Conjurations   | 1 2 3 4 5 |  5.3
Hexes          | 1 2 3 4 5 |  5.3
Charms         | 1 2 3 4 5 |  5.3
Summonings     | 1 2 3 4 5 |  5.3
Necromancy     | 1 2 3 4 5 |  5.3
Translocations | 1 2 3 4 5 |  5.3
Transmutations | 1 2 3 4 5 |  5.3
Fire Magic     | 1 2 3 4 5 |  5.3
Ice Magic      | 1 2 3 4 5 |  5.3
Air Magic      | 1 2 3 4 5 |  5.3
Earth Magic    | 1 2 3 4 5 |  5.3
Poison Magic   | 1 2 3 4 5 |  5.3
Dodging        | 3 4 5 6 7 |  7.0
Stealth        | 8 9 10 | 10.1
Fighting       | 5 6 7 8 |  8.0
Short Blades   | 5 6 7 8 |  8.0
Throwing       | 5 6 7 8 |  8.0

Action                   |  1- 3 |  4- 6 |  7- 9 | 10-12 || total
-------------------------+-------+-------+-------+-------++-------
Melee: Dagger            |    26 |       |       |       ||    26
       Bite              |     6 |    24 |    25 |    70 ||   125
       Short sword       |    39 |   186 |   215 |   349 ||   789
       Punch             |       |     1 |     6 |    21 ||    28
       Scimitar          |       |       |       |   158 ||   158
Throw: Tomahawk          |       |       |    30 |    56 ||    86
  Use: Scroll            |       |       |    16 |     5 ||    21
       Potion            |       |       |       |     5 ||     5
 Stab: Sleeping          |    10 |    13 |    12 |     9 ||    44
       Distracted        |       |     1 |     2 |     3 ||     6
       Invisible         |       |       |       |     5 ||     5
  Eat: Chunk             |       |     6 |       |       ||     6
       Ration            |       |       |     3 |     5 ||     8
Armor: Robe              |    10 |    20 |       |       ||    30
       Steam dragon scal |       |    30 |    46 |   103 ||   179
Dodge: Dodged            |    47 |    84 |   115 |   353 ||   599
       Rpst.: Scimitar   |       |       |       |    31 ||    31
